 Dungeon Crawl Stone Soup version 0.31-a0-986-g5e6e4ef867 (webtiles) character file.

Game seed: 3210288261015754373

221 FakeRyeBread the Trooper (level 5, -3/33 HPs)
             Began as a Gargoyle Fighter on Nov 8, 2023.
             Slain by an orc
             ... wielding a +0 heavy war axe
              (10 damage)
             ... on level 3 of the Dungeon.
             The game lasted 00:04:06 (1965 turns).

FakeRyeBread the Trooper (Gargoyle Fighter)         Turns: 1965, Time: 00:04:06

Health: -3/33      AC: 11    Str: 21    XL:     5   Next: 98%
Magic:  5/5        EV:  9    Int:  9    God:
Gold:   77         SH:  4    Dex:  9    Spells: 4/4 levels left

rFire   . . .        a - +1 flail
rCold   . . .        c - +0 buckler
rNeg    + . .        b - +0 scale mail
rPois   ∞            (no helmet)
rElec   +            (no cloak)
rCorr   +            (no gloves)
SInv    .            (no boots)
Will    .....        (no amulet) Stlth
                     f - ring of resist corrosion
HPRegen 0.25/turn    (no ring)
MPRegen 0.09/turn

%: no passive effects
@: no status effects
A: sickness immunity, AC +4, negative energy resistance 1, electricity
resistance, torment resistance 1, petrification resistance
a: no special abilities


You were on level 3 of the Dungeon.
You visited 1 branch of the dungeon, and saw 3 of its levels.

You collected 77 gold pieces.

Inventory:

Hand Weapons
 a - a +1 flail (weapon)
Armour
 b - a +0 scale mail (worn)
 c - a +0 buckler (worn)
Jewellery
 f - a ring of resist corrosion (left hand)
Wands
 h - a wand of paralysis (11)
 m - a wand of light (3)
Scrolls
 e - a scroll of enchant weapon
 g - a scroll of identify
 i - a scroll of poison
 j - a scroll of vulnerability
Potions
 d - a potion of might
 k - a potion of haste {unknown}
 l - 2 potions of resistance {unknown}


   Skills:
 + Level 4.3 Fighting
 * Level 4.1 Maces & Flails
 + Level 4.2 Armour
 + Level 4.3 Shields


You had 4 spell levels left.
You didn't know any spells.
Your spell library contained the following spells:

 Spells                   Type           Power      Damage    Failure   Level
 Apportation              Tloc           0%         N/A       78%         1
 Jinxbite                 Hex            0%         N/A       89%         2
 Alistair's Intoxication  Tmut/Pois      0%         N/A       100%        5


Dungeon Overview and Level Annotations

Branches:
Dungeon (3/15)

Altars:


Innate Abilities, Weirdness & Mutations

You are immune to sickness and miasma.
Your stone body is resilient. (AC +4)
You are immune to poison.
You resist negative energy. (rN+)
You are resistant to electric shocks. (rElec)
You are resistant to unholy torment.
You are immune to petrification.


Message History

You block the orc priest's attack.
The orc priest hits you with a +2 dagger of speed.
The orc priest hits you but does no damage.
You sock the orc priest!
The orc priest is heavily wounded.
The orc priest casts a cantrip, but nothing happens.
The orc priest hits you but does no damage.
You hit the orc priest but do no damage.
The orc priest hits you but does no damage.
The orc priest barely misses you.
The orc priest mumbles some strange prayers to Beogh against you.
Beogh smites you!
You closely miss the orc priest.
The orc priest begins to cast a cantrip, but forgets the words!
The orc priest hits you but does no damage.
You sock the orc priest!
The orc priest is severely wounded.
The orc priest calls down the wrath of Beogh upon you.
Beogh smites you!
The orc priest hits you but does no damage.
The orc priest hits you with a +2 dagger of speed.
The orc priest barely misses you.
You sock the orc priest!
You kill the orc priest!
Your Maces & Flails skill increases to level 4!
You barely miss the orc priest.
The orc priest is heavily wounded.
The orc priest calls down the wrath of Beogh upon you.
You are unaffected.
The orc hits you but does no damage. You block the orc priest's attack.
You barely miss the orc priest.
The orc priest is heavily wounded.
The orc priest hits you with a +2 dagger of speed.
The orc hits you with a +0 heavy war axe.
* * * LOW HITPOINT WARNING * * *
You barely miss the orc priest.
The orc priest is heavily wounded.
The orc priest closely misses you. The orc priest barely misses you.
The orc hits you with a +0 heavy war axe!
You die...

#..._.####.#
#..)..##.#.#.
#.....##.#.#.
#.....##.#.#.
#........#.#.
#..........#.## #
#........#.##o#.#
####+#####.##o#.#
#.##@o.# #....#.#
####.# # #.# #.#
###


You could see an orc priest and 2 orcs.

Vanquished Creatures
  An orc priest (D:3)
  Natasha (thrice) (D:2)
  6 adders
  2 dart slugs
  An orc (D:3)
  5 ball pythons
  4 endoplasms
  3 giant cockroaches (D:1)
  7 goblins
  3 hobgoblins
  3 jackals (D:2)
  A quokka (D:1)
  6 bats
  2 frilled lizards (D:3)
  5 kobolds
  5 rats
57 creatures vanquished.

Notes
Turn   | Place    | Note
-------+----------+-------------------------------------------
     0 | D:1      | FakeRyeBread the Gargoyle Fighter began the quest for the
                  | Orb.
     0 | D:1      | Reached XP level 1. HP: 14/14 MP: 1/1
   230 | D:1      | Reached XP level 2. HP: 19/19 MP: 2/2
   494 | D:1      | Reached XP level 3. HP: 23/23 MP: 3/3
   625 | D:2      | Noticed Natasha
   637 | D:2      | Killed Natasha
   977 | D:2      | Reached XP level 4. HP: 27/29 MP: 4/4
  1170 | D:2      | Noticed Natasha
  1179 | D:2      | Killed Natasha
  1521 | D:2      | Reached XP level 5. HP: 33/33 MP: 5/5
  1784 | D:2      | Noticed Natasha
  1798 | D:2      | Killed Natasha
  1911 | D:3      | Found a faded altar of an unknown god.
  1965 | D:3      | Slain by an orc

Illustrated notes

Levels and vault maps discovered:
D:1:      co_arrival_random_square_maze, layout_basic
D:2:      layout_basic, uniq_natasha
D:3:      layout_basic, basic_ecumenical_altar, minmay_misc_feat_nine_boxes

Skill      XL: |  1  2  3  4  5 |
---------------+----------------+-----
Maces & Flails | 3 4 |  4.1
Fighting       | 4 |  4.3
Shields        | 4 |  4.3
Armour         | 4 |  4.2

Action                     |  1- 3 |  4- 6 || total
---------------------------+-------+-------++-------
  Melee: Flail             |    99 |   133 ||   232
    Use: Scroll            |       |     3 ||     3
 Armour: Scale mail        |    87 |   119 ||   206
  Dodge: Dodged            |    50 |    80 ||   130
  Block: Buckler           |    18 |    39 ||    57

Table legend: (Time is in decaauts)
 A = Elapsed time spent in this place.
 B = Non-inter-level travel time spent in this place.
 C = Inter-level travel time spent in this place.
 D = Time resting spent in this place.
 E = Time spent auto-exploring this place.
 F = Levels seen in this place.
 G = Mean time per level.
                   A        B        C        D        E       F      G
               +--------+--------+--------+--------+--------+-----+--------+
         Total |   2035 |   1912 |    123 |     69 |   1319 |   3 |  678.3 |
       Dungeon |   2035 |   1912 |    123 |     69 |   1319 |   3 |  678.3 |
               +--------+--------+--------+--------+--------+-----+--------+

Top non-repeatable levels by time:
     D:2: 1170 daAuts
     D:1: 709 daAuts
     D:3: 155 daAuts
